 Dungeon Crawl Stone Soup version 0.22.0-40-g68aacdc4c8 (webtiles) character file.

93 Peloso the Shield-Bearer (level 4, -8/40 HPs)
             Began as a Minotaur Fighter on Sept 2, 2018.
             Splashed by a jelly's acid (10 damage)
             ... on level 2 of the Dungeon.
             The game lasted 00:03:26 (1333 turns).

Peloso the Shield-Bearer (Minotaur Fighter)         Turns: 1333, Time: 00:03:30

Health: -8/40      AC: -4    Str: 21    XL:     4   Next: 36%
Magic:  3/3        EV:  8    Int:  5    God:
Gold:   70         SH:  9    Dex: 10    Spells: 3/3 levels left

rFire    . . .     SeeInvis .   a - +0 long sword
rCold    . . .     Gourm    .   c - +0 shield
rNeg     . . .     Faith    .   b - +0 scale mail
rPois    .         Spirit   .   (helmet restricted)
rElec    .         Reflect  .   (no cloak)
rCorr    .         Harm     .   (no gloves)
MR       .....                  (no boots)
Stlth    ..........             (no amulet)
HPRegen  0.13/turn              (no ring)
MPRegen  0.08/turn              (no ring)

@: corroded
A: retaliatory headbutt, horns 2
a: no special abilities


You were on level 2 of the Dungeon.
You were hungry.

You visited 1 branch of the dungeon, and saw 2 of its levels.

You collected 70 gold pieces.

Inventory:

Hand Weapons
 a - a +0 long sword (weapon)
Armour
 b - a +0 scale mail (worn)
 c - a +0 shield (worn)
Scrolls
 e - 4 scrolls of identify {unknown}
Potions
 d - 2 potions of might
 h - 3 potions of heal wounds {unknown}
Comestibles
 f - 3 rations


   Skills:
 + Level 4.2 Fighting
 + Level 3.5 Long Blades
 + Level 4.2 Armour
 + Level 0.9 Dodging
 + Level 4.6 Shields


You had 3 spell levels left.
You didn't know any spells.
Your spell library was empty.

Dungeon Overview and Level Annotations

Branches:
Dungeon (2/15)

Altars:
Dithmenos


Innate Abilities, Weirdness & Mutations

You reflexively headbutt those who attack you in melee.
You have a pair of horns on your head.


Message History

You hit the jelly but do no damage. You headbutt the jelly!
The jelly is almost dead.
You hit the jelly but do no damage. The acid corrodes you!
Your hands burn!
The jelly is almost dead.
You block the jelly's attack.
Your shield and scale mail prevent you from hitting the jelly.
The jelly is almost dead.
The jelly hits you. The acid corrodes you!
You are splashed with acid!
The acid burns!
You hit the jelly but do no damage.
Your hands burn!
The jelly is almost dead.
You block the jelly's attack.
You hit the jelly.
Your hands burn!
The jelly is almost dead.
The jelly hits you.
You are splashed with acid!
The acid burns!
* * * LOW HITPOINT WARNING * * *
The jelly hits you.
* * * LOW HITPOINT WARNING * * *
The acid corrodes you!
You are splashed with acid!
The acid burns!
You die...

#.# #.#
##.....###.........
#.# #.#
#.......###........
#.#### #.##
#.......##.........
#....###..#
#..[....###........
#.###.###.#
#.......# ##.......
....#.# #.#
#....#### #.##.##.
#.#.#.# #.#
#....'..## #.##.##.
.....## #.#
########.# #....##.
###.## #.#
#@.....## ###..##.
###.#####.#
#J####### #..##.
..........# #..
#..##. ###.####..#
#.. ##..... #.#
#..# #.P ###...##.
#.# #..# #.P
#...#.... ###.#
#..# #.รท ###...###
....# #..# #.P
##.## ##### #..#
#.#


You could see a jelly.

Vanquished Creatures
  2 adders (D:2)
  3 oozes (D:2)
  A worm (D:2)
  A dart slug (D:1)
  2 leopard geckos (D:2)
  3 bats
  3 giant cockroaches
  8 hobgoblins
  21 kobolds
  A quokka (D:2)
  2 ball pythons
  A frilled lizard (D:1)
  5 rats
53 creatures vanquished.

Vanquished Creatures (others)
  7 toadstools (D:2)
7 creatures vanquished.

Grand Total: 60 creatures vanquished

Notes
Turn   | Place    | Note
-------+----------+-------------------------------------------
     0 | D:1      | Peloso the Minotaur Fighter began the quest for the Orb.
     0 | D:1      | Reached XP level 1. HP: 19/19 MP: 0/0
   142 | D:1      | Reached XP level 2. HP: 27/27 MP: 1/1
   638 | D:2      | Found a shadowy altar of Dithmenos.
   660 | D:2      | Reached XP level 3. HP: 29/33 MP: 2/2
  1073 | D:2      | Reached XP level 4. HP: 38/40 MP: 3/3
  1333 | D:2      | HP: 2/40 [jelly (3)]
  1333 | D:2      | Splashed by a jelly's acid

Skill      XL: |  1  2  3 |
---------------+----------+-----
Shields        | 4 |  4.6
Fighting       | 4 |  4.2
Armour         | 4 |  4.2
Long Blades    | 3 |  3.5
Dodging        | |  0.9

Action                   |  1- 3 |  4- 6 || total
-------------------------+-------+-------++-------
Melee: Long sword        |   104 |    29 ||   133
       Headbutt          |    10 |     6 ||    16
  Eat: Chunk             |     1 |       ||     1
Armor: Scale mail        |    50 |     7 ||    57
Dodge: Dodged            |    36 |     7 ||    43
Block: Shield            |    42 |    20 ||    62
       Rpst.: Long sword |    13 |     1 ||    14
